 Dungeon Crawl Stone Soup version 0.27.1-1-g398f81649c (webtiles) character file.

Game seed: 11704834151215246364

34 Descartes the Magician (level 3, 0/19 HPs)
             Began as a Deep Elf Wanderer on Sept 5, 2021.
             Killed from afar by an air elemental (19 damage)
             ... with a stunning burst
             ... created by the adversity of Qazlal
             ... while paralysed by an air elemental
             ... on level 2 of the Dungeon.
             The game lasted 00:03:30 (1579 turns).

Descartes the Magician (Deep Elf Wanderer)          Turns: 1579, Time: 00:03:31

Health: 0/19       AC:  2    Str: 13    XL:     3   Next: 14%
Magic:  12/12      EV:  2    Int: 22    God:
Gold:   69         SH:  0    Dex: 11    Spells: 13/14 levels left

rFire    . . .     SeeInvis .   p - +0 short sword
rCold    . . .     Faith    .   (no shield)
rNeg     . . .     Spirit   .   b - +0 robe
rPois    .         Reflect  .   (no helmet)
rElec    x         Harm     .   (no cloak)
rCorr    +         Rampage  .   (no gloves)
Will     .....                  (no boots)
Stlth    ++........             (no amulet)
HPRegen  0.06/turn              c - +6 ring of intelligence
MPRegen  0.13/turn              e - ring of resist corrosion

@: paralysed
A: [electricity vulnerability]
a: no special abilities


You were on level 2 of the Dungeon.
You visited 1 branch of the dungeon, and saw 2 of its levels.

You collected 69 gold pieces.

Inventory:

Hand Weapons
 h - a +0 hunting sling
 p - a +0 short sword (weapon)
Missiles
 d - 48 stones (quivered)
 g - 70 sling bullets
 k - 7 bolts
 l - 2 atropa-tipped darts
Armour
 b - a +0 robe (worn)
Jewellery
 c - a +6 ring of intelligence (left hand)
 e - a ring of resist corrosion (right hand)
Scrolls
 f - a scroll of brand weapon {unknown}
 n - a scroll of holy word {unknown}
 o - a scroll of fear {unknown}
Potions
 i - a potion of lignification {unknown}
 j - a potion of degeneration {unknown}
 m - a potion of heal wounds {unknown}


   Skills:
 - Level 1.0 Throwing
 - Level 1.2 Stealth
 - Level 6.0 Spellcasting
 + Level 2.0 Conjurations
 - Level 1.3 Hexes
 - Level 1.1 Transmutations
 + Level 2.0 Fire Magic
 - Level 2.0 Air Magic


You had 13 spell levels left.
You knew the following spells:

 Your Spells              Type           Power      Damage    Failure   Level
a - Foxfire               Conj/Fire      60%        2x1d7     4%          1

Your spell library contained the following spells:

 Spells                   Type           Power      Damage    Failure   Level
 Corona                   Hex            13%        N/A       5%          1
 Beastly Appendage        Tmut           22%        N/A       6%          1
 Ensorcelled Hibernation  Hex/Ice        18%        N/A       11%         2
 Dazzling Flash           Conj/Hex       28%        N/A       14%         3
 Confusing Touch          Hex            12%        N/A       16%         3
 Tukima's Dance           Hex            12%        N/A       16%         3
 Ignite Poison            Fire/Tmut/Pois 11%        N/A       19%         3
 Spider Form              Tmut/Pois      4%         N/A       22%         3


Dungeon Overview and Level Annotations

Branches:
Dungeon (2/15)

Altars:
Qazlal
Zin


Innate Abilities, Weirdness & Mutations

[You are vulnerable to electric shocks.]


Message History

Casting: Foxfire (safe; 4% risk of failure)
Confirm with . or Enter, or press ? or * to list all spells.
You conjure some foxfire!
Your foxfire dissipates!
Your foxfire dissipates! x3
Your foxfire dissipates!
A ball python comes into view.
Casting: Foxfire (safe; 4% risk of failure)
Confirm with . or Enter, or press ? or * to list all spells.
You conjure some foxfire!
The ball python hisses angrily.
Casting: Foxfire (safe; 4% risk of failure)
Confirm with . or Enter, or press ? or * to list all spells.
You conjure some foxfire!
The foxfire hits the ball python!
You kill the ball python!
Your Conjurations skill increases to level 2!
Your Fire Magic skill increases to level 2!
Casting: Foxfire (safe; 4% risk of failure)
Confirm with . or Enter, or press ? or * to list all spells.
You miscast Foxfire.
You are very lightly contaminated with residual magic.
Nothing appears to happen.
Unknown command.
Your foxfire dissipates! x2
Found an escape hatch in the ceiling.
Your foxfire dissipates!
Things that are here:
a +0 short sword; a kobold corpse
p - a +0 short sword You are now empty-handed.
You drop a +0 club.
p - a +0 short sword (weapon)
Your magical contamination has completely faded away.
Found a stone staircase leading up.
Qazlal causes a mighty clap of thunder!
Qazlal incites the elements against you!
A rime drake and an air elemental come into view.
The air elemental fires a burst of electricity at you.
The stunning burst hits you!!
You suddenly lose the ability to move!
Ouch! That really hurt!
You die...

#........#
##.#..##.#
......##.#
###.#..##.####
#..#........#
####..#..##.##.#
......#..##.##.#
##......†....#####
#...@...........#
#.###.#.......#.#
#E#.####..#.#
#.#.####).#.#
##.###k#.......#.#
...<..............#
###.###....<...####
##########


You could see a rime drake and an air elemental.

Vanquished Creatures
  A dart slug (D:2)
  A ball python (D:2)
  A bat (D:2)
  3 endoplasms
  3 giant cockroaches
  2 goblins
  3 hobgoblins (D:2)
  3 jackals (D:2)
  4 kobolds
  A quokka (D:2)
  2 frilled lizards
  2 rats
26 creatures vanquished.

Vanquished Creatures (others)
  134 foxfires
134 creatures vanquished.

Grand Total: 160 creatures vanquished

Notes
Turn   | Place    | Note
-------+----------+-------------------------------------------
     0 | D:1      | Descartes the Deep Elf Wanderer began the quest for the
                  | Orb.
     0 | D:1      | Descartes set off with the following items: a +0 club, a +0
                  | robe; and the following spells available to memorise:
                  | Corona, Beastly Appendage, Foxfire, Ensorcelled
                  | Hibernation, Confusing Touch, Tukima's Dance, Dazzling
                  | Flash, Spider Form, Ignite Poison
     0 | D:1      | Reached XP level 1. HP: 10/10 MP: 9/9
     2 | D:1      | Learned a level 1 spell: Foxfire
   282 | D:1      | Reached skill level 6 in Spellcasting
   323 | D:1      | Reached skill level 1 in Conjurations
   323 | D:1      | Reached skill level 1 in Fire Magic
   323 | D:1      | Reached XP level 2. HP: 15/15 MP: 7/11
   931 | D:2      | Found a faded altar of an unknown god.
   946 | D:2      | Became a worshipper of Qazlal Stormbringer
   946 | D:2      | Reached * piety under Qazlal
  1023 | D:2      | Fell from the grace of Qazlal
  1191 | D:2      | Found a glowing silver altar of Zin.
  1380 | D:2      | Reached XP level 3. HP: 19/19 MP: 7/12
  1577 | D:2      | Noticed a rime drake
  1577 | D:2      | Noticed an air elemental
  1579 | D:2      | Paralysed by an air elemental for 1 turns
  1579 | D:2      | Killed from afar by an air elemental

Illustrated notes

Levels and vault maps discovered:
D:1:      beargit_arrival_greenhouse, layout_rooms
D:2:      layout_basic, hellmonk_ecumenical_altar_pennies_from_heaven,
          basic_altar, minmay_liquid_box, chequers_serial_rivers_micro_a,
          minmay_curled_crystal, minmay_misc_feat_five, minmay_pentomino_p2

Skill      XL: |  1  2  3 |
---------------+----------+-----
Spellcasting   | 6 |  6.0
Conjurations   | 1 2 |  2.0
Fire Magic     | 1 2 |  2.0
Throwing       | |  1.0
Stealth        | |  1.2
Hexes          | |  1.3
Transmutations | |  1.1
Air Magic      | |  2.0

Action                   || total
-------------------------++-------
Melee: Club              ||     2
 Cast: Foxfire           ||    76
Invok: Renounce Religion ||     1
Dodge: Dodged            ||     6
